 Dungeon Crawl Stone Soup version 0.31-a0-846-gb3bcc0d938 (webtiles) character file.

Game seed: 15107611396077313382

409876 DocEon the Axe Maniac (level 22, -21/209 HPs)
             Began as a Minotaur Berserker on Oct 3, 2023.
             Was the Champion of Trog.
             Demolished by a war gargoyle
             ... wielding a +0 dire flail
             ... led by a peacekeeper
              (22 damage)
             ... on level 1 of the Vaults.
             The game lasted 00:45:27 (37248 turns).

DocEon the Axe Maniac (Minotaur Berserker)         Turns: 37248, Time: 00:45:28

Health: -21/209    AC: 28    Str: 29    XL:     22   Next: 44%
Magic:  21/21      EV: 12    Int:  6    God:    Trog [******]
Gold:   2670       SH:  5    Dex: 15    Spells: 21/21 levels left

rFire   + + .        a - +9 executioner's axe (freeze)
rCold   + + .        (shield currently unavailable)
rNeg    + . .        W - +3 plate armour {rN+}
rPois   +            L - +2 hat {Will+}
rElec   +            R - scarf {rC+ rF+}
rCorr   .            G - +0 pair of gloves
SInv    .            J - +1 pair of boots of Wu Jian, Disbelieving {rElec rPois Dex+3}
Will    ++...        N - amulet of reflection Stlth
                     i - ring "Lecwoekh" {rF+ rC+}
HPRegen 0.54/turn    Z - ring of flight
MPRegen 0.17/turn

%: reflection
@: flying, studying 2 skills
A: horns 2, retaliatory headbutt
}: 2/15 runes: barnacled, gossamer
a: Renounce Religion, Berserk, Trog's Hand, Brothers in Arms


You were on level 1 of the Vaults.
You worshipped Trog.
Trog was exalted by your worship.
You visited 6 branches of the dungeon, and saw 31 of its levels.
You visited 1 bazaar.
You also visited: Gauntlet and Volcano.

You collected 5439 gold pieces.
You spent 2769 gold pieces at shops.

Inventory:

Hand Weapons
 a - a +9 executioner's axe of freezing (weapon)
 b - a +0 battleaxe of flaming
 d - the +7 lajatang of Order {silver, rMut}
   (Trog gifted it to you on level 3 of the Spider Nest)

   rMut:      It protects you from mutation.
 l - the +7 great mace "Firestarter" {flame, immolate, rFlCloud rF++}
   (You found it on level 4 of the Spider Nest)

   rFlCloud:  It grants immunity to clouds of flame.
   rF++:      It greatly protects you from fire.
 K - a +3 vampiric executioner's axe
Missiles
 F - 9 throwing nets
Armour
 G - a +0 pair of gloves (worn)
 J - the +1 pair of boots of Wu Jian, Disbelieving (worn) {rElec rPois Dex+3}
   (You found it in a Gauntlet)

   Dex+3:     It affects your dexterity (+3).
   rElec:     It insulates you from electricity.
   rPois:     It protects you from poison
 L - a +2 hat of willpower (worn)
 R - a scarf of resistance (worn)
 W - a +3 plate armour of positive energy (worn)
Jewellery
 i - the ring "Lecwoekh" (left hand) {rF+ rC+}
   (You bought it in a shop in a bazaar)

   [ring of protection from fire]

   rF+:       It protects you from fire.
   rC+:       It protects you from cold.
 n - a +4 ring of protection
 B - the ring of Shadows {Umbra +Inv Stlth+}
   (You bought it in a shop in a bazaar)

   [ring of stealth]

   Umbra:     It surrounds you with an aura of shadow, increasing your stealth
   and reducing the accuracy of all others within it.
   +Inv:      It lets you turn invisible.
   Stlth+:    It makes you more stealthy.
 C - a +4 ring of slaying
 D - the ring "Axynesm" {AC+4 Dex+2}
   (You found it on level 4 of the Shoals)

   [ring of protection]

   AC+4:      It affects your AC (+4).
   Dex+2:     It affects your dexterity (+2).
 N - an amulet of reflection (around neck)
 T - a ring of see invisible
 X - a ring of resist corrosion
 Z - a ring of flight (right hand)
Wands
 A - a wand of iceblast (14)
 E - a wand of polymorph (6)
 S - a wand of digging (3)
 Y - a wand of quicksilver (16)
Scrolls
 g - 4 scrolls of fog
 j - 14 scrolls of teleportation
 k - 8 scrolls of enchant armour
 r - 5 scrolls of revelation
 t - 2 scrolls of blinking
 w - 3 scrolls of fear
 y - a scroll of silence
 M - 9 scrolls of identify
 Q - a scroll of poison
Potions
 c - 7 potions of haste
 e - 6 potions of magic
 f - 12 potions of curing
 h - 5 potions of cancellation
 m - 7 potions of heal wounds
 o - 6 potions of might
 p - 5 potions of lignification
 q - 8 potions of mutation
 s - 2 potions of berserk rage
 u - 4 potions of invisibility
 v - 4 potions of enlightenment
 x - 6 potions of brilliance
 z - 2 potions of resistance
 H - 3 potions of attraction
 V - 5 potions of ambrosia


   Skills:
 + Level 20.0 Fighting
 O Level 27 Axes
 + Level 10.2 Staves
 + Level 19.7 Armour
 - Level 7.8 Dodging
 + Level 7.0 Stealth
 + Level 10.0 Evocations


You had 21 spell levels left.
You didn't know any spells.
Your spell library contained the following spells:

 Spells                   Type           Power      Damage    Failure   Level
 Malign Gateway           Summ/Tloc      0%         N/A       100%        7
 Summon Horrible Things   Summ           0%         N/A       100%        8


Dungeon Overview and Level Annotations

Branches:
Dungeon (15/15)            Temple (0/1) D:4            Lair (5/5) D:11
 Shoals (4/4) Lair:2       Spider (4/4) Lair:3        Slime (0/5) Lair:4
    Orc (2/2) D:11            Elf (0/3) Orc:2        Vaults (1/5) D:13
 Depths (0/4) D:15        Volcano (visited)         Gauntlet (visited)

Altars:
Ru
Trog
Uskayaw
Wu Jian
The Shining One
Jiyva

Shops:
D:2 ?!   D:3 (:!:   D:4 *(   D:6 :   D:9 (*??(   Orc:1 !   Orc:2 (?:(:
Shoals:2 !   Vaults:1 =

Annotations:
Spider:1 2 transporters


Innate Abilities, Weirdness & Mutations

You have a pair of horns on your head.
You reflexively headbutt those who attack you in melee.


Message History

The peacekeeper completely misses you.
The peacekeeper claws you but does no damage.
You slash the peacekeeper! You freeze the peacekeeper.
You destroy the peacekeeper!
Trog accepts your kill. Trog grants you a weapon!
Something appears at your feet!
You see here a +2 battleaxe.
You hit the war gargoyle.
You hit the war gargoyle but do no damage.
The war gargoyle hits you with a +1 dire flail of protection!!!
The war gargoyle launches metal splinters at you.
The spray of metal splinters hits you!!
You are too injured to fight recklessly!
You are too injured to fight recklessly!
You are too injured to fight recklessly!
You are too injured to fight recklessly!
You are too injured to fight recklessly!
You barely miss the war gargoyle.
You headbutt the war gargoyle, but do no damage.
You hit the war gargoyle.
The war gargoyle hits you with a +1 dire flail of protection!
The war gargoyle hits you with a +0 dire flail!
You barely miss the war gargoyle. x2
The war gargoyle hits you but does no damage.
The war gargoyle hits you with a +0 dire flail!!
* * * LOW HITPOINT WARNING * * *
You hit the war gargoyle.
You headbutt the war gargoyle, but do no damage.
The war gargoyle is lightly damaged.
You hit the war gargoyle but do no damage.
The war gargoyle hits you with a +1 dire flail of protection!!!
* * * LOW HITPOINT WARNING * * *
The war gargoyle hits you but does no damage.
You feel much better. The war gargoyle closely misses you.
You furiously retaliate!
You headbutt the war gargoyle!
The war gargoyle hits you with a +0 dire flail!!
* * * LOW HITPOINT WARNING * * *
You block the war gargoyle's attack.
The war gargoyle hits you with a +0 dire flail!!
You die...

##'###########
#......# #......#
#..##..# #..##..#
#......# #.
+......# #.
#'#######.......##.
+.@9...##.......##.
#.9....##.......##.
#..##..##.......##.
#..# .##.......##.
#... ##.......##.
#... #.......##.
###########+#'####.
.................
................


You could see 2 war gargoyles.

Vanquished Creatures
  A sphinx (Shoals:4)
  Gastronok (D:9)
  Kirke (D:15)
  Agnes (Spider:4)
  Frances (Shoals:1)
  Ilsuiw (Shoals:2)
  Donald (Spider:3)
  Roxanne (D:15)
  A deep elf sorcerer (D:15)
  5 emperor scorpions
  The ghost of Zenkrye the Bludgeoner, a journeyman AtFi of Okawaru (D:13)
  3 ghost moths (Spider:4)
  A balrug (Gauntlet)
  Louise (Shoals:2)
  An orc warlord (Vaults:1)
  An ironbound preserver (Vaults:1)
  3 broodmothers
  A formless jellyfish (Shoals:3)
  A deep elf annihilator (D:15)
  A spark wasp (Spider:4)
  4 minotaurs
  2 ettins
  3 merfolk javelineers
  2 entropy weavers
  3 merfolk impalers
  A fire dragon (Lair:5)
  Harold (D:10)
  2 catoblepae
  9 hydras
  A jorogumo (Spider:2)
  2 merfolk avatars (Shoals:4)
  An ogre mage (D:15)
  2 radroaches
  A peacekeeper (Vaults:1)
  8 centaur warriors
  An ironbound frostheart (Vaults:1)
  A merfolk aquamancer (Shoals:2)
  7 satyrs
  14 death yaks
  A boulder beetle (D:12)
  8 two-headed ogres
  2 tengu warriors (D:15)
  The ghost of Bartus99 the Martial Artist, a novice GnSh of Wu Jian (Lair:1)
  7 demonic crawlers
  Urug (D:10)
  2 deep elf knights
  2 sun demons (Shoals:2)
  9 pharaoh ants
  5 sun moths
  5 skeletal warriors (D:15)
  13 sea snakes
  4 deep trolls
  17 orb spiders
  A deep elf archer (D:15)
  3 lindwurms (Vaults:1)
  A swamp dragon (Lair:5)
  2 ironbound convokers (Vaults:1)
  6 wizards
  18 harpies
  4 deep elf pyromancers
  5 steelbarb worms
  17 fauns
  14 ugly things
  8 orc knights
  18 wolf spiders
  A deep elf zephyrmancer (D:15)
  19 manticores
  2 salamanders (Volcano)
  4 moths of wrath
  9 orc sorcerers (Orc:2)
  A worldbinder (Gauntlet)
  8 cyclopes
  5 merfolk sirens
  6 elephants
  3 torpor snails
  6 water nymphs
  7 black mambas
  Joseph (D:9)
  A guardian serpent (Lair:5)
  16 cane toads
  5 gargoyles
  3 molten gargoyles (Volcano)
  An unseen horror (D:11)
  3 yaktaurs (D:15)
  6 rime drakes
  A kobold demonologist (D:11)
  3 tengu conjurers (D:15)
  2 efreet
  A freezing wraith (D:15)
  8 komodo dragons
  7 trolls
  The ghost of Zxelo the Covered, an amateur MiFi (D:4)
  2 polar bears
  3 hornets (Lair:5)
  9 meliai
  6 snapping turtles
  26 merfolk
  24 tarantellas
  12 blink frogs
  16 dream sheep
  3 wind drakes
  A slime creature (shapeshifter) (D:13)
  16 jumping spiders
  8 slime creatures
  3 shadows
  7 water elementals
  18 culicivoras
  23 wyverns
  6 wraiths
  2 vampires
  56 yaks
  2 fire elementals (D:13)
  49 redbacks
  Grum (D:9)
  7 basilisks
  3 fire bats (Lair:3)
  5 steam dragons
  A hog (D:15)
  10 wargs
  7 vampire mosquitoes (D:11)
  9 acid dragons
  19 water moccasins
  14 orc warriors
  2 ice beasts (D:5)
  A swamp drake (Lair:5)
  A black bear (D:3)
  4 boggarts
  20 wolves
  5 ogres
  18 centaurs
  A phantom (D:7)
  16 bullfrogs
  2 kobold brigands
  2 gnoll sergeants
  3 scorpions
  12 wights
  4 killer bees
  A vampire bat (Lair:2)
  3 howler monkeys
  8 electric eels
  9 hounds
  20 orc priests
  4 gnoll boudas
  6 jellies
  2 sleepcaps
  7 iguanas
  35 orc wizards
  27 gnolls
  5 adders
  3 shadow imps
  2 white imps
  An ufetubus (D:5)
  3 worms
  3 dart slugs
  103 orcs
  7 endoplasms
  5 giant cockroaches
  8 goblins
  8 hobgoblins
  7 jackals
  3 quokkas
  6 ball pythons
  11 bats
  3 frilled lizards
  11 kobolds
  7 rats
  A spectral hobgoblin (D:2)
1175 creatures vanquished.

Vanquished Creatures (others)
  A harpy (Shoals:2)
  A cane toad (Lair:5)
  A dream sheep (Shoals:2)
  A jumping spider (Spider:4)
  2 humans (D:15)
  An ogre (D:15)
  2 orc wizards (Orc:2)
  An orc (Orc:2)
10 creatures vanquished.

Grand Total: 1185 creatures vanquished

Notes
Turn   | Place    | Note
-------+----------+-------------------------------------------
     0 | D:1      | DocEon the Minotaur Berserker began the quest for the Orb.
     0 | D:1      | Reached XP level 1. HP: 19/19 MP: 0/0
    55 | D:1      | Reached skill level 4 in Axes
   110 | D:1      | Reached XP level 2. HP: 25/26 MP: 1/1
   758 | D:1      | Reached skill level 5 in Axes
   968 | D:2      | Found a glowing golden altar of the Shining One.
  1002 | D:2      | Reached XP level 3. HP: 28/31 MP: 2/2
  1004 | D:2      | Reached ** piety under Trog
  1089 | D:2      | Found a faded altar of an unknown god.
  1225 | D:2      | Found Ymonib's Magic Scroll Emporium.
  1235 | D:2      | Bought a scroll of teleportation for 42 gold pieces
  1352 | D:2      | Reached skill level 6 in Axes
  1352 | D:2      | Reached XP level 4. HP: 26/39 MP: 3/3
  1775 | D:2      | Found Juim's Distillery.
  1783 | D:2      | Bought a potion of heal wounds for 50 gold pieces
  1990 | D:3      | Found Vooryg's Weapon Shoppe.
  2146 | D:3      | Noticed a black bear
  2151 | D:3      | Killed a black bear
  2152 | D:3      | Reached skill level 7 in Axes
  2152 | D:3      | Reached XP level 5. HP: 45/45 MP: 4/4
  2190 | D:3      | Found Kozxa's Book Shop.
  2440 | D:3      | Found Jonusme's Book Shop.
  2517 | D:3      | Found an ornate altar of the Wu Jian Council.
  2543 | D:3      | Found Ykeyb Wos's Distillery.
  2548 | D:3      | Bought a potion of heal wounds for 60 gold pieces
  2892 | D:4      | Reached skill level 8 in Axes
  2892 | D:4      | Reached XP level 6. HP: 49/51 MP: 5/5
  2934 | D:4      | Reached *** piety under Trog
  2941 | D:4      | Found Peihech's Elemental Accessories.
  3109 | D:4      | Reached skill level 9 in Axes
  3179 | D:4      | Found a runed translucent door.
  3184 | D:4      | Noticed Zxelo's ghost (amateur MiFi)
  3201 | D:4      | Killed Zxelo's ghost
  3202 | D:4      | Reached skill level 10 in Axes
  3202 | D:4      | Reached XP level 7. HP: 57/57 MP: 6/6
  3267 | D:4      | Found a sacrificial altar of Ru.
  3396 | D:4      | Found Hotig's Weapon Shop.
  3440 | D:4      | Found a staircase to the Ecumenical Temple.
  3494 | D:4      | Bought a +0 battleaxe for 78 gold pieces
  3583 | D:5      | Entered Level 5 of the Dungeon
  3825 | D:5      | Reached skill level 11 in Axes
  4307 | D:5      | Identified the +3 dagger of Ynuerulyn {spect, rPois Dex+5}
  4346 | D:5      | Reached XP level 8. HP: 49/64 MP: 7/7
  4438 | D:5      | Reached **** piety under Trog
  4439 | D:5      | Reached skill level 12 in Axes
  4840 | D:6      | Reached skill level 13 in Axes
  4848 | D:6      | Found Pawkahov's Self-Improvement Boutique.
  5150 | D:6      | Reached skill level 14 in Axes
  5269 | D:6      | Reached XP level 9. HP: 71/71 MP: 8/8
  5661 | D:7      | Reached ***** piety under Trog
  5665 | D:7      | Reached skill level 5 in Fighting
  6110 | D:7      | Reached skill level 5 in Armour
  7150 | D:8      | Reached skill level 15 in Axes
  7567 | D:8      | Noticed a two-headed ogre
  7572 | D:8      | Killed a two-headed ogre
  7573 | D:8      | Reached XP level 10. HP: 75/86 MP: 9/9
  7767 | D:9      | Found Jacitequ's Antique Weapon Shop.
  8096 | D:9      | Received a gift from Trog
  8100 | D:9      | Reached skill level 16 in Axes
  8237 | D:9      | Found a bloodstained altar of Trog.
  8366 | D:9      | Found Waobuup's Magic Scroll Emporium.
  8368 | D:9      | Found Itoidaz's General Store.
  8373 | D:9      | Bought a scroll of teleportation for 33 gold pieces
  8380 | D:9      | Found Pemin's Antique Weapon Shoppe.
  8393 | D:9      | Identified the +1 chain mail of Makhleb's Supremacy
                  | {Slay+3}
  8404 | D:9      | Bought a scroll of teleportation for 42 gold pieces
  8444 | D:9      | Found Powemec's Magic Scroll Emporium.
  8571 | D:9      | Noticed Gastronok
  8572 | D:9      | Noticed Joseph
  8580 | D:9      | Killed Joseph
  8583 | D:9      | Killed Gastronok
  8584 | D:9      | Reached XP level 11. HP: 99/99 MP: 10/10
  8669 | D:9      | Noticed Grum
  8680 | D:9      | Killed Grum
  8693 | D:9      | Reached skill level 10 in Fighting
  8900 | D:10     | Entered Level 10 of the Dungeon
  9043 | D:10     | Reached skill level 17 in Axes
  9102 | D:10     | Noticed a two-headed ogre
  9108 | D:10     | Killed a two-headed ogre
  9308 | D:10     | Noticed Urug
  9313 | D:10     | Killed Urug
  9314 | D:10     | Reached skill level 10 in Armour
  9685 | D:10     | Noticed Harold
  9690 | D:10     | Killed Harold
  9709 | D:10     | Noticed a centaur warrior
  9710 | D:10     | Noticed a centaur warrior
  9710 | D:10     | Noticed a cyan ugly thing
  9719 | D:10     | Killed a centaur warrior
  9722 | D:10     | Killed a cyan ugly thing
  9724 | D:10     | Reached skill level 18 in Axes
  9726 | D:10     | Killed a centaur warrior
  9727 | D:10     | Reached XP level 12. HP: 64/110 MP: 11/11
 10005 | D:11     | Noticed a two-headed ogre
 10013 | D:11     | Killed a two-headed ogre
 10077 | D:11     | Found a staircase to the Lair.
 10407 | D:11     | Noticed a centaur warrior
 10409 | D:11     | Killed a centaur warrior
 10587 | D:11     | Noticed a two-headed ogre
 10589 | D:11     | Killed a two-headed ogre
 10600 | D:11     | Reached skill level 19 in Axes
 11179 | D:11     | Found a staircase to the Orcish Mines.
 11675 | Lair:1   | Entered Level 1 of the Lair of Beasts
 11839 | Lair:1   | Reached XP level 13. HP: 119/119 MP: 12/12
 11993 | Lair:1   | Identified the +0 scale mail of Tecs {rPois Str+6 Int-2
                  | Dex+3}
 12039 | Lair:1   | Found a runed translucent door.
 12044 | Lair:1   | Noticed Bartus99's ghost (novice GnSh)
 12052 | Lair:1   | Reached skill level 20 in Axes
 12250 | Lair:1   | Killed Bartus99's ghost
 12990 | Lair:2   | Found a staircase to the Shoals.
 13263 | Lair:2   | Received a gift from Trog
 13654 | Lair:3   | Found a dark tunnel.
 13799 | Volcano  | Entered a volcano
 14092 | Volcano  | Noticed an orb of fire
 14140 | Volcano  | Noticed an orb of fire
 14495 | Volcano  | Reached skill level 21 in Axes
 14495 | Volcano  | Reached XP level 14. HP: 131/132 MP: 13/13
 14496 | Volcano  | Reached XP level 15. HP: 138/138 MP: 14/14
 14497 | Volcano  | Reached skill level 22 in Axes
 14497 | Volcano  | Reached XP level 16. HP: 147/147 MP: 15/15
 14832 | Lair:3   | Found a hole to the Spider Nest.
 15195 | Lair:3   | Reached skill level 15 in Fighting
 15195 | Lair:3   | Reached skill level 15 in Armour
 15195 | Lair:3   | Reached XP level 17. HP: 156/156 MP: 16/16
 15196 | Lair:3   | Reached XP level 18. HP: 165/165 MP: 17/17
 15624 | Lair:4   | Reached skill level 23 in Axes
 15657 | Lair:4   | Found a gate leading to a gauntlet.
 15694 | Gauntlet | Entered a Gauntlet
 15694 | Gauntlet | Found a transporter.
 15694 | Gauntlet | Found a transporter.
 15694 | Gauntlet | Found a transporter.
 15801 | Gauntlet | Found a transporter.
 15814 | Gauntlet | Found a transporter.
 15816 | Gauntlet | Found a large runed translucent door.
 15817 | Gauntlet | Found a large runed translucent door.
 15817 | Gauntlet | Found a transporter.
 15818 | Gauntlet | Found a large runed translucent door.
 15818 | Gauntlet | Found a large runed translucent door.
 15818 | Gauntlet | Found a runed translucent door.
 15818 | Gauntlet | Found a runed translucent door.
 15819 | Gauntlet | Found a large runed translucent door.
 15820 | Gauntlet | Found a large runed translucent door.
 15821 | Gauntlet | Found a large runed translucent door.
 15821 | Gauntlet | Found a large runed translucent door.
 15822 | Gauntlet | Found a runed translucent gate.
 15822 | Gauntlet | Found a runed translucent gate.
 15822 | Gauntlet | Found a runed translucent gate.
 15824 | Gauntlet | Found a transporter.
 15833 | Gauntlet | Found a large runed translucent door.
 15833 | Gauntlet | Found a large runed translucent door.
 15834 | Gauntlet | Found a large runed translucent door.
 15835 | Gauntlet | Found a large runed translucent door.
 15840 | Gauntlet | Found a runed translucent door.
 15844 | Gauntlet | Found a transporter.
 15845 | Gauntlet | Found a large runed translucent door.
 15845 | Gauntlet | Found a large runed translucent door.
 15846 | Gauntlet | Found a large runed translucent door.
 15847 | Gauntlet | Found a large runed translucent door.
 15849 | Gauntlet | Found a transporter.
 15850 | Gauntlet | Found a transporter.
 15858 | Gauntlet | Found a transporter.
 15861 | Gauntlet | Found a transporter.
 16131 | Gauntlet | Identified the +1 pair of boots of Wu Jian, Disbelieving
                  | {rElec rPois Dex+3}
 16242 | Gauntlet | Identified the +0 dagger "Xudwyups" {pain, rF++}
 17076 | Lair:4   | Found a viscous altar of Jiyva.
 17078 | Lair:4   | Found a staircase to the Slime Pits.
 17081 | Lair:4   | Identified the +6 whip of Imminent Death {heavy, *Rage
                  | Str+3 Dex+3}
 17294 | Lair:4   | Received a gift from Trog
 17530 | Lair:5   | Entered Level 5 of the Lair of Beasts
 17602 | Lair:5   | Reached XP level 19. HP: 97/173 MP: 18/18
 17751 | Lair:5   | Found a hide-covered altar of Uskayaw.
 18084 | Lair:5   | Reached skill level 24 in Axes
 18201 | Lair:5   | Reached ****** piety under Trog
 18293 | Lair:5   | Received a gift from Trog
 18554 | Lair:5   | Identified the +7 mace "Iroicwed" {freeze, rPois Dex+3}
 18871 | Orc:1    | Entered Level 1 of the Orcish Mines
 19151 | Orc:2    | Entered Level 2 of the Orcish Mines
 19240 | Orc:2    | Found a gateway to a bazaar.
 19449 | Orc:2    | Found a staircase to the Elven Halls.
 19454 | Orc:2    | Found Pac Osi's Vocational Training.
 19628 | Orc:2    | Found Xefupt's Book Shop.
 19643 | Orc:2    | Found Ukedaqia's Weapon Shoppe.
 19741 | Orc:2    | Found Coucarir's Magic Scroll Shoppe.
 19741 | Orc:2    | Found Ugesoiv's Antique Weapon Shop.
 19747 | Orc:2    | Identified the +5 battleaxe of Linearity {antimagic, rN++
                  | Str-4} (Trog gifted it to you on level 2 of the Orcish
                  | Mines)
 19747 | Orc:2    | Received a gift from Trog
 19792 | Orc:2    | Bought a scroll of teleportation for 42 gold pieces
 19792 | Orc:2    | Bought a scroll of teleportation for 42 gold pieces
 19871 | Bazaar   | Entered a bazaar
 19887 | Bazaar   | Found Durhisak's Assorted Antiques.
 19888 | Bazaar   | Found Wora's Book Shoppe.
 19933 | Bazaar   | Found Qopu's Jewellery Emporium.
 19933 | Bazaar   | Found Sair's Antique Weapon Emporium.
 19941 | Bazaar   | Bought the ring "Lecwoekh" {rF+ rC+} for 468 gold pieces
 19976 | Bazaar   | Bought a scroll of brand weapon for 190 gold pieces
 19995 | Bazaar   | Bought the ring of Shadows {Umbra +Inv Stlth+} for 480 gold
                  | pieces
 19995 | Bazaar   | Found the ring of Shadows {Umbra +Inv Stlth+}
 20030 | Orc:1    | Found Joal's Distillery.
 20075 | Orc:1    | Bought a potion of heal wounds for 70 gold pieces
 20782 | D:13     | Identified 3 scrolls of acquirement
 20782 | D:13     | Acquired 574 gold pieces
 20784 | D:13     | Acquired 1126 gold pieces
 20786 | D:13     | Acquired a manual of Maces & Flails
 21288 | D:13     | Found a runed translucent gate.
 21288 | D:13     | Noticed Zenkrye's ghost (journeyman AtFi)
 21290 | D:13     | Found a runed translucent gate.
 21292 | D:13     | Found a runed translucent gate.
 21301 | D:13     | Reached skill level 25 in Axes
 21307 | D:13     | Killed Zenkrye's ghost
 21578 | D:13     | Found a gate to the Vaults.
 21657 | D:13     | Received a gift from Trog
 22012 | D:14     | Acquired 968 gold pieces
 22832 | D:14     | Found a glowing golden altar of the Shining One.
 22906 | D:15     | Entered Level 15 of the Dungeon
 22980 | D:15     | Noticed Kirke
 22986 | D:15     | Killed Kirke
 23316 | D:15     | Noticed Roxanne
 23341 | D:15     | Killed Roxanne
 23805 | D:15     | Found a staircase to the Depths.
 23832 | D:15     | Received a gift from Trog
 24395 | Orc:2    | Bought a manual of Evocations for 1120 gold pieces
 24718 | Spider:1 | Entered Level 1 of the Spider Nest
 24879 | Spider:1 | Reached skill level 1 in Evocations
 24903 | Spider:1 | Reached skill level 1 in Stealth
 25088 | Spider:1 | Reached skill level 26 in Axes
 25267 | Spider:1 | Reached XP level 20. HP: 164/188 MP: 19/19
 25342 | Spider:1 | Found a transporter.
 25346 | Spider:1 | Found a transporter.
 25507 | Spider:1 | You fall into a shaft and drop 1 floor!
 25696 | Spider:2 | Received a gift from Trog
 27187 | Spider:3 | Noticed Donald
 27198 | Spider:3 | Killed Donald
 27746 | Spider:3 | Received a gift from Trog
 27746 | Spider:3 | Found the +7 lajatang of Order {silver, rMut}
 28017 | Spider:4 | Entered Level 4 of the Spider Nest
 28034 | Spider:4 | Reached skill level 1 in Staves
 28038 | Spider:4 | Reached skill level 5 in Evocations
 28229 | Spider:4 | Found the +7 great mace "Firestarter" {flame, immolate,
                  | rFlCloud rF++}
 28964 | Spider:4 | Noticed Agnes
 28973 | Spider:4 | Killed Agnes
 29569 | Spider:4 | Identified the +2 battleaxe "Sugo" {heavy, Contam rF+ rN+
                  | Str+7} (Trog gifted it to you on level 4 of the Spider
                  | Nest)
 29569 | Spider:4 | Received a gift from Trog
 29771 | Spider:4 | Got a gossamer rune of Zot
 30076 | Spider:4 | Reached XP level 21. HP: 198/198 MP: 20/20
 30346 | Shoals:1 | Entered Level 1 of the Shoals
 30347 | Shoals:1 | Noticed Frances
 30357 | Shoals:1 | Killed Frances
 31375 | Shoals:1 | Reached skill level 27 in Axes
 31764 | Shoals:2 | Noticed Louise
 31775 | Shoals:2 | Killed Louise
 31898 | Shoals:2 | Reached skill level 5 in Stealth
 32283 | Shoals:2 | Noticed Ilsuiw
 32360 | Shoals:2 | Killed Ilsuiw
 33151 | Shoals:2 | Found Ymnonkic's Distillery.
 33155 | Shoals:2 | Bought a potion of might for 52 gold pieces
 33403 | Shoals:3 | Received a gift from Trog
 33520 | Shoals:3 | Paralysed by a formless jellyfish for 1 turns
 33527 | Shoals:3 | Reached XP level 22. HP: 114/206 MP: 21/21
 34329 | Shoals:4 | Entered Level 4 of the Shoals
 35557 | Shoals:4 | Received a gift from Trog
 36248 | Shoals:4 | Identified the ring "Axynesm" {AC+4 Dex+2}
 36319 | Shoals:4 | Got a barnacled rune of Zot
 36818 | Vaults:1 | Entered Level 1 of the Vaults
 36866 | Vaults:1 | Reached skill level 10 in Staves
 37041 | Vaults:1 | Reached skill level 10 in Evocations
 37208 | Vaults:1 | Found Etworumu's Jewellery Boutique.
 37244 | Vaults:1 | Received a gift from Trog
 37247 | Vaults:1 | HP: 10/209 [war gargoyle/+1 dire flail of protection[a
                  | peacekeeper] (38)]
 37248 | Vaults:1 | HP: 1/209 [war gargoyle/+0 dire flail[a peacekeeper] (33)]
 37248 | Vaults:1 | Demolished by a war gargoyle

Illustrated notes

Levels and vault maps discovered:
D:1:      mrwooster_arrival_statue_3, layout_loops_corners
D:2:      layout_loops_ring, dreamdust_ecumenical_altar_drowned_temple,
          basic_altar, serial_shops, shop_coins, shop
D:3:      layout_loops_cross, nzn_wu_jian_council_hall, serial_shops,
          nicolae_shop_tiny_glass, nicolae_shop_hallway_plus, shop,
          nicolae_shop_advertising_works [nicolae_subvault_shop_adworks]
D:4:      layout_basic, old_standard_altar, temple_green, ebering_ghost_sewer_d,
          nicolae_stop_n_shop_2, nicolae_elemental_shop, minivault_24,
          st_stairs_12
D:5:      minmay_opposing_rooms, layout_loops_corners
D:6:      layout_rooms, nicolae_shop_self_help
D:7:      layout_loops_corners, minivault_5, minmay_crossroads
D:8:      layout_loops_cross, hangedman_decor_peaks_small
D:9:      layout_roguey, trog_three_pillars_becter, serial_shops,
          nicolae_shop_hallway_plus,
          nicolae_shop_temple_entry_statues_fountains,
          nicolae_shop_just_a_little_nook, shop, shop, serial_bayou_lagoon_b,
          uniq_gastronok, uniq_grum, uniq_joseph
D:10:     minmay_chambers_of_sevens, layout_rooms, hex_large, uniq_urug,
          uniq_harold
D:11:     nzn_winding_woodlands_cross [nzn_winding_woodlands_5x15_garden,
          nzn_winding_woodlands_5x15_default,
          nzn_winding_woodlands_5x15_sawtooth, nzn_winding_woodlands_5x15_pool,
          nzn_winding_woodlands_15x15_eel_pit], layout_loops_ring,
          erik_lair_orcish_takeover, david_orc_5, lightli_fourway_metalbox
D:12:     layout_gridville, minmay_door_square
D:13:     cheibrodos_lost_city_excavation, layout_loops_ring,
          hellmonk_vaults_attempted_burglary, gammafunk_ghost_hydra_chop,
          st_stairs_6, corexii_leaking_fountain, nicolae_elevator_lobby_plus
D:14:     layout_basic, tso_altar
D:15:     hangedman_depths_entry_civil_slaughter, layout_irregular_city,
          bh_walls_and_bars, uniq_kirke, uniq_roxanne
Lair:1:   layout_misc_corridors, ebering_ghost_reflecting_pool
Lair:2:   layout_cave_pods, minmay_shoals_entry_hut, roderic_batcave
Lair:3:   layout_roguey, nicolae_spider_entry_orb_guardian,
          nicolae_volcano_entry_batcave
Lair:4:   layout_cave_pods, nicolae_slime_entry_field_trip,
          gauntlet_entry_generic, lemuel_fruit_tree, grunt_megastairs_2
Lair:5:   hangedman_lair_tendril_chambers, layout_big_grid,
          guppyfry_lair_end_dragon, basic_altar
Shoals:1: layout_shoals, uniq_frances
Shoals:2: cheibrodos_shoals_roost, layout_shoals, serial_shops,
          nicolae_shop_back_alley_shop, nicolae_shoals_bring_sunscreen,
          uniq_louise, uniq_ilsuiw
Shoals:3: layout_shoals, nicolae_shoals_lost_giant_hut
Shoals:4: shoals_end_hellmonk_lost_city
Spider:1: gammafunk_boulding_lane, nicolae_spider_nooks_and_crannies
Spider:2: layout_chambers, nicolae_spider_twisty_arc_passages
Spider:3: layout_spider_delve, hangedman_spider_tarantella_strand, uniq_donald
Spider:4: guppyfry_spider_rune, uniq_agnes
Orc:1:    layout_caves, serial_shops, shop
Orc:2:    st_orc_town, layout_diamond_mine, serial_shops, bzr_entry_dummy,
          nicolae_shop_vocational
Vaults:1: dpeg_vaults_monster_box, vaults_mumra_minichess_inversion,
          grunt_tower_of_power, nicolae_vaults_double_plus_2,
          grunt_vaults_funnel, v_alt_pattern_3, nicolae_vaults_network_s,
          vaults_room_corners, nicolae_vaults_octothorpe, vaults_room_door_ring,
          vaults_dpeg_diagonal, nicolae_vaults_two_Ls,
          nicolae_vaults_trapezoid_lopsided_4, layout_vaults_omnicross,
          serial_shops, shop

Skill      XL: |  1  2  3  4  5  6  7  8  9 10 11 12 13 14 15 16 17 18 19 20 21 22 |
---------------+-------------------------------------------------------------------+-----
Axes           | 4 5 6 7 8 10 11 14 15 16 18 19 21 22 23 26 27 | 27.0
Fighting       | 4 7 9 11 12 14 15 16 18 19 20 | 20.0
Armour         | 6 9 10 12 13 14 15 16 18 19 | 19.7
Dodging        | 7 |  7.8
Evocations     | 2 6 8 10 | 10.0
Stealth        | 1 4 5 7 |  7.0
Staves         | 7 8 10 | 10.2

Action                     |  1- 3 |  4- 6 |  7- 9 | 10-12 | 13-15 | 16-18 | 19-21 | 22-24 || total
---------------------------+-------+-------+-------+-------+-------+-------+-------+-------++-------
  Melee: Hand axe          |    62 |    85 |    17 |       |       |       |       |       ||   164
         Headbutt          |    13 |    16 |    29 |    46 |    24 |    35 |   205 |    63 ||   431
         Battleaxe         |       |       |   198 |    42 |       |    17 |    23 |       ||   280
         Executioner's axe |       |       |       |   214 |   128 |   143 |  1003 |   243 ||  1731
 Invoke: Berserk           |     1 |     4 |     2 |     4 |     1 |     2 |     3 |       ||    17
         Trog's Hand       |       |       |       |     2 |       |     2 |    12 |     2 ||    18
  Evoke: Wand              |       |       |       |    14 |       |    10 |       |       ||    24
    Use: Scroll            |     4 |     6 |     6 |     6 |     3 |     3 |    19 |       ||    47
         Potion            |       |       |     1 |       |     3 |     2 |     6 |     1 ||    13
   Stab: Distracted        |       |       |       |       |       |       |       |     1 ||     1
 Armour: Animal skin       |    25 |     8 |       |       |       |       |       |       ||    33
         Ring mail         |       |    41 |    86 |       |       |       |       |       ||   127
         Plate armour      |       |       |   133 |   354 |   175 |    68 |  1043 |   305 ||  2078
         Chain mail        |       |       |       |       |    21 |    80 |       |       ||   101
  Dodge: Dodged            |    39 |    43 |   114 |   120 |    68 |    86 |   565 |   165 ||  1200
  Block: Other             |       |       |       |    55 |    39 |    33 |   199 |    63 ||   389
         Reflection        |       |       |       |     3 |     2 |       |    18 |     8 ||    31

Table legend: (Time is in decaauts)
 A = Elapsed time spent in this place.
 B = Non-inter-level travel time spent in this place.
 C = Inter-level travel time spent in this place.
 D = Time resting spent in this place.
 E = Time spent auto-exploring this place.
 F = Levels seen in this place.
 G = Mean time per level.
                   A        B        C        D        E       F      G
               +--------+--------+--------+--------+--------+-----+--------+
         Total |  37548 |  35414 |   2134 |   8557 |  21136 |  34 | 1104.4 |
       Dungeon |  16389 |  15374 |   1015 |   2633 |  10482 |  15 | 1092.6 |
          Lair |   6140 |   5482 |    658 |    783 |   3720 |   5 | 1228.0 |
        Shoals |   6416 |   6288 |    128 |   2836 |   2628 |   4 | 1604.0 |
   Spider Nest |   5366 |   5220 |    146 |   1634 |   2763 |   4 | 1341.5 |
  Orcish Mines |   1173 |    987 |    186 |     93 |    728 |   2 |  586.5 |
        Vaults |    414 |    414 |      0 |      0 |    336 |   1 |  414.0 |
        Bazaar |    134 |    134 |      0 |      0 |     80 |   1 |  134.0 |
       Volcano |    729 |    729 |      0 |    362 |    139 |   1 |  729.0 |
      Gauntlet |    782 |    782 |      0 |    214 |    257 |   1 |  782.0 |
               +--------+--------+--------+--------+--------+-----+--------+

Top non-repeatable levels by time:
Shoals:4: 1874 daAuts
    D:11: 1841 daAuts
Spider:2: 1839 daAuts
Shoals:2: 1721 daAuts
     D:7: 1553 daAuts
  Lair:3: 1483 daAuts
Spider:4: 1461 daAuts
Shoals:3: 1433 daAuts
  Lair:2: 1402 daAuts
Shoals:1: 1387 daAuts
    D:15: 1330 daAuts
Spider:3: 1287 daAuts
    D:13: 1282 daAuts
  Lair:4: 1282 daAuts
     D:5: 1265 daAuts
